Map: [ESL] Goldenaura

Players

ArT

  • Race: Protoss Protoss
  • Spawn Location: 5:00

Harstem - Winner!

  • Race: Protoss Protoss
  • Spawn Location: 12:00

Event: ESL SC2 Masters 2023 Winter (Regional)

VOD

Have the link to the VOD?

Description

Time

  • Played on: Nov. 2, 2023, 12:06 p.m.
  • Length: 8:09

All games in this series

Show
View Real Time Build Order
Export as new Build Order

ArT Protoss 

Build Orders: Phoenix Opening, Blink Stalkers, Zealot Archon 

Get SALT Encoding   

  12  0:00  Probe  
  13  0:12  Probe  
  14  0:19  Pylon  
  14  0:24  Probe (Chrono Boost)  
  15  0:37  Probe (Chrono Boost)  
  15  0:38  Gateway  
  16  0:46  Probe (Chrono Boost)  
  16  0:48  Assimilator  
  17  0:51  Probe  
  17  0:55  Assimilator  
  18  1:03  Probe (Chrono Boost)  
  19  1:09  Gateway  
  19  1:13  Probe (Chrono Boost)  
  19  1:18  Probe (Chrono Boost)  
  21  1:25  Cybernetics Core  
  21  1:30  Probe  
  22  1:36  Pylon  
  22  1:42  Probe  
  23  1:54  Probe  
  23  1:59  Warp Gate (Chrono Boost)  
  23  2:01  Sentry, Stalker  
  24  2:05  Pylon  
  28  2:20  Twilight Council  
  28  2:25  Stalker  
  30  2:34  Stalker  
  30  2:35  Phoenix  
  32  2:57  Blink (Chrono Boost)  
  32  3:06  Nexus  
  33  3:20  Pylon, Probe  
  34  3:39  Gateway  
  34  3:42  Stalker x2  
  34  3:44  Probe  
  38  3:56  Probe  
  39  4:07  Stalker x2  
  43  4:33  Stalker  
  43  4:34  Stalker x2  
  49  4:39  Probe x2  
  51  4:45  Charge (Chrono Boost)  
  49  4:58  Probe x2  
  47  5:02  Gateway  
  47  5:04  Gateway  
  47  5:17  Stalker  
  47  5:18  Stalker  
  47  5:20  Stalker  
  53  5:29  Probe x2 (Chrono Boost)  
  53  5:41  Zealot  
  53  5:42  Zealot, Probe x2 (Chrono Boost)  
  57  5:45  Pylon  
  57  5:49  Zealot  
  61  6:00  Gateway  
  61  6:05  Zealot x3  
  61  6:07  Zealot  
  67  6:14  Shield Battery  
  64  6:19  Stalker  
  65  6:38  Zealot x2  
  69  6:40  Pylon  
  69  7:01  Zealot x4  
  77  7:04  Pylon  
  77  7:09  Templar Archives  
  77  7:11  Probe  
  76  7:27  Zealot  
  76  7:28  Stalker x2  
  82  7:33  Stalker  
  84  7:38  Pylon  
  84  7:47  High Templar  
  84  7:48  High Templar  
  86  7:56  Archon  
  78  8:00  Zealot x4  
Show
View Real Time Build Order
Export as new Build Order

Harstem Protoss - Winner!

Build Orders: Phoenix Opening 

Get SALT Encoding   

  12  0:00  Probe  
  13  0:12  Probe  
  14  0:17  Pylon  
  14  0:24  Probe (Chrono Boost)  
  15  0:36  Probe (Chrono Boost)  
  15  0:37  Gateway  
  16  0:44  Probe (Chrono Boost)  
  16  0:46  Assimilator  
  17  0:50  Probe  
  17  0:55  Assimilator  
  18  1:03  Probe (Chrono Boost)  
  19  1:08  Gateway  
  19  1:13  Probe (Chrono Boost)  
  19  1:17  Probe (Chrono Boost)  
  20  1:23  Cybernetics Core  
  21  1:29  Probe  
  22  1:35  Pylon  
  22  1:41  Probe  
  23  1:53  Probe  
  24  1:58  Warp Gate (Chrono Boost)  
  24  2:00  Stalker  
  24  2:01  Sentry  
  28  2:05  Probe  
  29  2:11  Pylon  
  30  2:24  Stalker  
  31  2:32  Phoenix  
  31  2:43  Nexus  
  31  2:44  Probe  
  32  2:47  Sentry  
  34  2:53  Shield Battery  
  34  2:56  Sentry  
  36  3:08  Robotics Facility  
  36  3:12  Pylon  
  35  3:15  Probe  
  36  3:27  Probe  
  37  3:39  Probe  
  37  3:40  Stalker x2  
  42  3:52  Probe x2  
  44  4:00  Probe  
  44  4:02  Immortal (Chrono Boost)  
  48  4:04  Probe  
  50  4:15  Stalker  
  50  4:16  Probe  
  53  4:18  Shield Battery  
  53  4:20  Zealot  
  55  4:27  Pylon  
  55  4:33  Immortal (Chrono Boost)  
  59  4:41  Pylon  
  59  4:42  Probe  
  59  4:53  Stalker x2  
  59  4:59  Pylon  
  58  5:07  Warp Prism  
  58  5:11  Probe (Chrono Boost)  
  58  5:12  Probe (Chrono Boost)  
  62  5:21  Twilight Council  
  62  5:23  Probe (Chrono Boost)  
  62  5:27  Probe (Chrono Boost)  
  64  5:29  Probe (Chrono Boost)  
  64  5:30  Adept x2  
  67  5:37  Probe  
  67  5:42  Gateway  
  69  5:44  Observer  
  69  5:49  Probe  
  71  5:50  Stalker  
  71  5:52  Assimilator  
  71  5:53  Pylon  
  71  5:55  Stalker  
  71  5:57  Blink (Chrono Boost)  
  74  6:05  Probe  
  74  6:06  Probe  
  76  6:19  Stalker  
  76  6:20  Probe  
  76  6:24  Gateway  
  79  6:25  Forge  
  79  6:26  Probe  
  79  6:32  Stalker  
  80  6:34  Probe  
  79  6:40  Stalker  
  79  6:46  Stalker  
  83  6:49  Pylon  
  83  6:58  Stalker  
  84  7:07  Gateway  
  84  7:08  Stalker  
  87  7:09  Gateway  
  87  7:13  Pylon  
  87  7:14  Stalker  
  88  7:24  Adept x2  
  88  7:28  Pylon  
  92  7:30  Probe  
  93  7:37  Stalker x2  
  93  7:42  Pylon  
  98  7:46  Stalker x2  
  91  8:03  Stalker x3  
  85  8:06  Stalker  
Tags
 
Add a new tag
Caveats
  • Supply blocks, unpowered buildings, or Contaminate may cause inaccurate times.
  • Supply counts are checked every 10 seconds.